 Dungeon Crawl Stone Soup version 0.19.0-19-g8c6edcc (webtiles) character file.

211 Mesmaeker13 the Charmwright (level 5, -2/41 HPs)
             Began as a Demonspawn Skald on Nov 12, 2016.
             Was a Follower of Makhleb.
             Slain by an orc wizard
             ... wielding a +0 dagger
              (3 damage)
             ... on level 4 of the Dungeon.
             The game lasted 00:08:17 (3546 turns).

Mesmaeker13 the Charmwright (Demonspawn Skald)      Turns: 3546, Time: 00:08:18

Health: -2/41      AC:  4    Str: 11 (12) XL:     5   Next: 57%
Magic:  6/9        EV: 11    Int: 12 (14) God:    Makhleb [*.....]
Gold:   184        SH:  7    Dex: 11 (13) Spells: 3 memorised, 5 levels left

rFire  . . .     SeeInvis .     z - +0 dagger (venom)
rCold  . . .     Gourm    .     b - +0 leather armour
rNeg   . . .     Faith    .     (no shield)
rPois  .         Spirit   .     (no helmet)
rElec  .         Reflect  +     q - +0 cloak
rCorr  .         Harm     .     (no gloves)
MR     .....                    (no boots)
Stlth  +.........               s - +3 amulet of reflection
                                (no ring)
                                (no ring)

@: very slightly contaminated, slowed, drained, very slow
A: talons 2, large bone plates 1, mutation resistance 1
a: Renounce Religion


You were on level 4 of the Dungeon.
You worshipped Makhleb.
Makhleb was aware of your devotion.
You were hungry.

You visited 1 branch of the dungeon, and saw 4 of its levels.

You collected 184 gold pieces.

Inventory:

Hand Weapons
 a - a +0 falchion
 z - a +0 dagger of venom (weapon)
Missiles
 h - a throwing net (quivered)
 i - 7 poisoned needles
Armour
 b - a +0 leather armour (worn)
 q - a +0 cloak (worn)
 v - a +0 shield
Jewellery
 s - a +3 amulet of reflection (around neck)
Scrolls
 e - 2 scrolls of enchant armour
 f - a scroll of recharging {unknown}
 j - a scroll of magic mapping {unknown}
 l - 2 scrolls of blinking {unknown}
 m - a scroll of fog {unknown}
 n - a scroll of teleportation {unknown}
 y - a scroll of remove curse
 A - a scroll of fear {unknown}
Potions
 g - 3 potions of resistance
 u - a potion of flight
 B - a potion of haste
Books
 c - a book of Battle

   Spells                             Type                      Level
   a - Infusion                       Charms                       1
   b - Shroud of Golubria             Charms/Translocation         2
   c - Song of Slaying                Charms                       2
   d - Spectral Weapon                Hexes/Charms                 3
   e - Regeneration                   Charms/Necromancy            3
Comestibles
 d - 2 bread rations
 k - 3 meat rations
 p - 7 fruits
 r - 2 beef jerkies
 w - 2 slices of pizza


   Skills:
 - Level 3.0(2.5) Fighting
 + Level 3.1(2.6) Long Blades
 - Level 0.8(0.3) Armour
 + Level 1.6(1.2) Dodging
 - Level 3.0(2.5) Spellcasting
 + Level 3.6(3.1) Charms


You had 5 spell levels left.
You knew the following spells:

 Your Spells              Type           Power        Failure   Level  Hunger
a - Infusion              Chrm           #...         12%         1    #......
b - Song of Slaying       Chrm           #.......     17%         2    ###....
c - Shroud of Golubria    Chrm/Tloc      #.........   30%         2    ###....


Dungeon Overview and Level Annotations

Branches:
Dungeon (4/15)
 Temple: D:4-7

Altars:
Makhleb
Trog

Shops:
D:4 *

Annotations:
D:4 Duvessa


Innate Abilities, Weirdness & Mutations

You have razor-sharp toenails.
You are partially covered in large bone plates. (SH +4)
You are somewhat resistant to further mutation.


Message History

* * * LOW HITPOINT WARNING * * *
You're too confused to move!
You feel less confused.
The orc wizard points at you and mumbles some strange words.
You feel yourself slow down.
You hit the orc wizard but do no damage.
The orc wizard is moderately wounded.
You are no longer magically infusing your attacks.
The orc wizard gestures at you while chanting.
The magic dart hits you!
* * * LOW HITPOINT WARNING * * *
You block the orc wizard's attack.
The orc wizard hits you with a vampiric dagger.
* * * LOW HITPOINT WARNING * * *
The orc wizard draws strength from your wounds!
The orc wizard gestures wildly while chanting.
An orc wizard comes into view. It is wielding a dagger of venom.
Okay, then.
You closely miss the orc wizard. The orc wizard hits you with a dagger.
You die...

.......>...##
##.).....####..#
#..###.....#
#...............# .
#.....#
#.####.#######.##
###..####.# #.# #.#
#....o..# #.# #.#
#.####..# #.# #.#
... #).# #.# #.#
o.### #.o# #.# #.#
..o #.@# #. #.# ..
#.o# #.## #.### .
#..# #...## ##....
#...###.#..###...##
..#........##......
##....#...........#.
#.##.#.#.......#.#.
#. .# #.#...#.#.#.
#.#.#.#.#.#.


You could see 3 orc wizards.

Vanquished Creatures
  An orc priest (D:4)
  An orc wizard (D:4)
  2 worker ants (D:4)
  An adder (D:1)
  An ooze (D:2)
  A dart slug (D:2)
  2 worms
  6 leopard geckos
  6 orcs
  5 bats
  2 giant cockroaches (D:3)
  7 goblins
  12 hobgoblins
  8 jackals
  2 quokkas
  A ball python (D:3)
  2 frilled lizards
  7 kobolds
  6 rats
73 creatures vanquished.

Notes
Turn   | Place    | Note
-------+----------+-------------------------------------------
     0 | D:1      | Mesmaeker13 the Demonspawn Skald began the quest for the Orb.
     0 | D:1      | Reached XP level 1. HP: 16/16 MP: 3/3
    80 | D:1      | Gained mutation: You are partially covered in large bone plates. (SH +4) [demonic ancestry]
    80 | D:1      | Reached XP level 2. HP: 19/22 MP: 1/5
   714 | D:1      | Gained mutation: You have sharp toenails. [demonic ancestry]
   714 | D:1      | Reached XP level 3. HP: 11/28 MP: 0/6
  1149 | D:2      | Learned a level 2 spell: Song of Slaying
  1501 | D:2      | Found a bloodstained altar of Trog.
  1545 | D:2      | Found a burning altar of Makhleb.
  1562 | D:2      | Became a worshipper of Makhleb the Destroyer
  1720 | D:2      | Reached XP level 4. HP: 34/34 MP: 8/8
  2390 | D:3      | Reached * piety under Makhleb
  2448 | D:3      | Learned a level 2 spell: Shroud of Golubria
  2456 | D:4      | Found Piwubafri's General Store.
  2466 | D:4      | Noticed Duvessa
  2807 | D:4      | Reached skill level 1 in Dodging
  2807 | D:4      | Gained mutation: You have razor-sharp toenails. [demonic ancestry]
  2807 | D:4      | Reached XP level 5. HP: 11/41 MP: 9/9
  2809 | D:4      | Gained mutation: You are somewhat resistant to further mutation. [potion of beneficial mutation]
  3545 | D:4      | HP: 2/41 [orc wizard/magic dart (8)]
  3546 | D:4      | Slain by an orc wizard

Skill      XL: |  1  2  3  4  5 |
---------------+----------------+-----
Long Blades    | 2 3 |  3.1
Charms         | 3 |  3.6
Fighting       | 3 |  3.0
Spellcasting   | 3 |  3.0
Dodging        | 1 |  1.6
Armour         | |  0.8

Action                   |  1- 3 |  4- 6 || total
-------------------------+-------+-------++-------
Melee: Falchion          |   144 |   132 ||   276
       Kick              |    12 |    36 ||    48
       Dagger            |       |    10 ||    10
 Cast: Infusion          |    11 |    12 ||    23
       Song of Slaying   |     1 |       ||     1
       Shroud of Golubri |       |     1 ||     1
  Use: Scroll            |       |     4 ||     4
       Potion            |       |     4 ||     4
  Eat: Chunk             |     3 |     6 ||     9
Armor: Leather armour    |    46 |    25 ||    71
Dodge: Dodged            |   100 |    66 ||   166
Block: Other             |    33 |    55 ||    88
       Rpst.: Falchion   |    33 |    19 ||    52
